 Dungeon Crawl Stone Soup version 0.25.1-2-g60ff931df9 (webtiles) character file.

Game seed: 4871118243945921132

16015 sfoobar the Grappler (level 12, -2/110 HPs)
             Began as a Minotaur Monk on Oct 23, 2020.
             Was a High Priest of Okawaru.
             Slain by a spiny frog (7 damage)
             ... while petrified by a basilisk
             ... on level 2 of the Lair of Beasts.
             The game lasted 00:34:09 (15252 turns).

sfoobar the Grappler (Minotaur Monk)               Turns: 15252, Time: 00:34:09

Health: -2/110     AC: 22    Str: 26    XL:     12   Next: 6%
Magic:  11/11      EV:  2    Int:  7    God:    Okawaru [*****.]
Gold:   743        SH:  0    Dex: 14    Spells: 11/11 levels left

rFire    + . .     SeeInvis .     - Unarmed
rCold    + . .     Gourm    .   (no shield)
rNeg     + + +     Faith    .   K - +0 gold dragon scales
rPois    ∞         Spirit   .   s - +2 hat
rElec    .         Reflect  .   (no cloak)
rCorr    .         Harm     .   I - +2 pair of gloves
MR       .....                  (no boots)
Stlth    ..........             (no amulet)
HPRegen  0.28/turn              i - ring of poison resistance
MPRegen  0.12/turn              t - +6 ring of strength

@: petrified, very slightly contaminated
A: retaliatory headbutt, horns 2
a: Heroism, Finesse, Renounce Religion


You were on level 2 of the Lair of Beasts.
You worshipped Okawaru.
Okawaru was extremely pleased with you.
You were not hungry.

You visited 3 branches of the dungeon, and saw 14 of its levels.

You collected 743 gold pieces.

Inventory:

Hand Weapons
 q - a +0 hunting sling of flaming
Missiles
 O - 7 silver javelins (quivered)
Armour
 a - a +0 robe
 l - a +0 robe
 o - a cursed +0 robe
 s - a +2 hat (worn)
 x - a +0 scale mail
 y - a +0 chain mail
 A - a +0 ring mail
 E - a +1 robe of positive energy
 I - a +2 pair of gloves (worn)
 K - +0 gold dragon scales (worn)
 M - a +1 leather armour of fire resistance
Jewellery
 i - a ring of poison resistance (left hand)
 m - an uncursed ring of stealth
 t - a +6 ring of strength (right hand)
 z - an uncursed amulet of inaccuracy
 B - an uncursed ring of protection from cold
 C - an uncursed ring of protection from cold
 D - an uncursed ring of see invisible
 U - an uncursed ring of attention
Wands
 e - a wand of flame (30)
 F - a wand of iceblast (9)
 L - a wand of enslavement (8)
 Q - a wand of polymorph (8)
Scrolls
 h - 2 scrolls of teleportation
 j - 2 scrolls of amnesia
 p - a scroll of blinking
 r - a scroll of random uselessness {unknown}
 u - 2 scrolls of identify
 v - a scroll of magic mapping {unknown}
 w - 2 scrolls of remove curse
 H - a scroll of enchant armour
 N - a scroll of fear {unknown}
 R - a scroll of brand weapon {unknown}
 S - a scroll of fog {unknown}
 T - a scroll of torment {unknown}
Potions
 c - 3 potions of degeneration
 d - 2 potions of magic
 f - 2 potions of flight
 g - a potion of resistance
 k - 3 potions of mutation
 n - a potion of curing
 G - a potion of ambrosia
 J - a potion of berserk rage
Comestibles
 b - 19 rations


   Skills:
 + Level 11.1 Fighting
 + Level 9.8 Armour
 - Level 4.9 Dodging
 + Level 8.4 Stealth
 * Level 13.6 Unarmed Combat


You had 11 spell levels left.
You didn't know any spells.
Your spell library contained the following spells:

 Spells                   Type           Power        Failure   Level  Hunger
 Summon Small Mammal      Summ           #...         100%        1    ##.....
 Call Imp                 Summ           #.......     100%        2    ###....
 Call Canine Familiar     Summ           #.......     100%        3    ####...
 Summon Guardian Golem    Hex/Summ       #.......     100%        3    ####...
 Summon Ice Beast         Ice/Summ       #.......     100%        4    #####..
 Summon Lightning Spire   Summ/Air       #.......     100%        4    #####..


Dungeon Overview and Level Annotations

Branches:
Dungeon (11/15)            Temple (1/1) D:5            Lair (2/6) D:8
  Swamp: Lair:2-4    Shoals: Lair:2-4     Snake: Lair:2-4    Spider: Lair:2-4
    Orc: D:9-12

Altars:
Ashenzari
Cheibriados
Dithmenos
Elyvilon
Fedhas
Gozag
Hepliaklqana
Kikubaaqudgha
Makhleb
Nemelex Xobeh
Okawaru
Qazlal
Ru
Sif Muna
Trog
Uskayaw
Vehumet
Wu Jian
Xom
Yredelemnul
Zin
The Shining One
Beogh

Annotations:
D:4 3 runed translucent doors, Name63's ghost, amateur GnWz


Innate Abilities, Weirdness & Mutations

You reflexively headbutt those who attack you in melee.
You have a pair of horns on your head.


Message History

Okay, then.
Blink to where?
Press: ? - help, Dir - move target cursor You are very lightly contaminated with residual magic.
As you read the scroll of blinking, it crumbles to dust.
The basilisk gazes at you.
You are slowing down.
The basilisk gazes at you. You resist with some effort.
Your limbs are stiffening.
You have turned to stone.
The spiny frog stings you but does no damage.
The spiny frog stings you.
The spiny frog stings you but does no damage.
The spiny frog stings you.
* * * LOW HITPOINT WARNING * * *
The basilisk bites you but does no damage.
The spiny frog stings you but does no damage.
The basilisk bites you but does no damage.
The spiny frog stings you!
You die...

.#....... .##
###.......# ..#
#.........# ..#
##.........# ..##
#.........# ...##
###.....(..# %...#
#.......l..# ..
...#####.......F@.##..#
.......................#
................##...###
..#....†........#.....#
.#.#...............P##.#
#####..............P# #
###...........###
###.........##
#.....#...#.##


You could see a spiny frog and a basilisk.

Vanquished Creatures
  2 hydras (Lair:1)
  Erolcha (D:9)
  Harold (Lair:1)
  2 two-headed ogres
  2 death yaks
  An unseen horror (D:10)
  A spiny frog (Lair:2)
  A kobold demonologist (D:10)
  A komodo dragon (Lair:1)
  2 polar bears (D:10)
  Grinder (D:3)
  2 hippogriffs
  12 yaks
  Eustachio (D:5)
  A hungry ghost (D:8)
  A steam dragon (D:10)
  Edmund (D:6)
  Menkaure (D:4)
  4 water moccasins
  2 porcupines (Lair:1)
  A black bear (Lair:1)
  2 phantoms
  2 sky beasts
  5 ice beasts
  A hornet zombie (D:10)
  9 orc warriors
  3 ogres
  A necrophage (D:6)
  4 centaurs
  3 crocodiles (Lair:1)
  A big kobold (D:7)
  Blork the orc (D:5)
  9 bullfrogs
  A wyvern skeleton (D:6)
  2 scorpions
  7 wights (D:10)
  6 howler monkeys
  A crimson imp (D:7)
  A bullfrog zombie (D:10)
  A jelly (D:10)
  A bullfrog skeleton (D:10)
  2 hounds
  Crazy Yiuf (D:6)
  A centaur skeleton (D:9)
  8 orc priests
  4 iguanas
  Natasha (thrice) (D:3)
  6 orc wizards
  8 worker ants
  A hound zombie (D:7)
  A worker ant zombie (D:6)
  7 gnolls
  8 adders
  2 shadow imps
  An adder skeleton (D:6)
  An adder zombie (D:6)
  2 worms
  5 dart slugs
  6 leopard geckos
  46 orcs
  A ball python (D:4)
  8 giant cockroaches
  15 goblins
  8 hobgoblins
  6 jackals
  13 kobolds
  4 quokkas
  5 bats
  6 frilled lizards
  A jackal skeleton (D:5)
  A leopard gecko zombie (D:5)
  11 rats
294 creatures vanquished.

Notes
Turn   | Place    | Note
-------+----------+-------------------------------------------
     0 | D:1      | sfoobar the Minotaur Monk began the quest for the Orb.
     0 | D:1      | Reached XP level 1. HP: 19/19 MP: 0/0
   238 | D:1      | Reached XP level 2. HP: 14/27 MP: 1/1
  1288 | D:2      | Found a sparkling altar of Nemelex Xobeh.
  1493 | D:2      | Reached XP level 3. HP: 33/33 MP: 2/2
  1765 | D:2      | Reached skill level 4 in Unarmed Combat
  2341 | D:2      | Found a hide-covered altar of Uskayaw.
  2463 | D:2      | Reached XP level 4. HP: 39/40 MP: 3/3
  2830 | D:3      | Reached XP level 5. HP: 35/47 MP: 4/4
  2971 | D:3      | Noticed Grinder
  2988 | D:3      | Killed Grinder
  2988 | D:3      | Reached skill level 5 in Fighting
  2988 | D:3      | Reached skill level 5 in Unarmed Combat
  2988 | D:3      | Reached XP level 6. HP: 6/56 MP: 5/5
  3322 | D:3      | Noticed Natasha
  3331 | D:3      | Killed Natasha
  3554 | D:3      | Found a shimmering altar of Xom.
  3735 | D:3      | Noticed Natasha
  3743 | D:3      | Killed Natasha
  3761 | D:3      | Noticed Natasha
  3769 | D:3      | Killed Natasha
  4010 | D:4      | Reached skill level 6 in Unarmed Combat
  4036 | D:4      | Reached XP level 7. HP: 44/61 MP: 6/6
  4408 | D:4      | Found a runed translucent gate.
  4411 | D:4      | Found a runed translucent gate.
  4412 | D:4      | Found a runed translucent gate.
  4534 | D:4      | Noticed Menkaure
  5133 | D:4      | Noticed Name63's ghost (amateur GnWz)
  5381 | D:4      | Reached skill level 1 in Armour
  5412 | D:4      | Killed Menkaure
  5868 | D:5      | Entered Level 5 of the Dungeon
  5900 | D:5      | Found a glowing silver altar of Zin.
  5900 | D:5      | Found a shimmering blue altar of Sif Muna.
  5901 | D:5      | Found a hazy altar of Hepliaklqana.
  6079 | D:5      | Noticed Blork the orc
  6100 | D:5      | Killed Blork the orc
  6100 | D:5      | Reached skill level 7 in Unarmed Combat
  6125 | D:5      | Reached XP level 8. HP: 49/70 MP: 7/7
  6401 | D:5      | Found a staircase to the Ecumenical Temple.
  6408 | Temple   | Entered the Ecumenical Temple
  6535 | Temple   | Became a worshipper of Warmaster Okawaru
  6535 | Temple   | Reached * piety under Okawaru
  6535 | Temple   | Reached ** piety under Okawaru
  6614 | D:5      | Noticed Eustachio
  6623 | D:5      | Killed Eustachio
  6654 | D:5      | You fall into a shaft and drop 1 floor!
  6655 | D:6      | Noticed Edmund
  7187 | D:6      | Reached skill level 8 in Unarmed Combat
  7365 | D:6      | Killed Edmund
  7888 | D:6      | Reached skill level 5 in Stealth
  7888 | D:6      | Reached XP level 9. HP: 69/79 MP: 8/8
  7963 | D:6      | Reached *** piety under Okawaru
  7963 | D:6      | Reached skill level 9 in Unarmed Combat
  8117 | D:6      | Found a runed translucent door.
  8118 | D:6      | Noticed Crazy Yiuf
  8126 | D:6      | Killed Crazy Yiuf
  8321 | D:7      | Reached skill level 5 in Armour
  9064 | D:8      | Received a gift from Okawaru
  9064 | D:8      | Reached skill level 10 in Unarmed Combat
  9135 | D:8      | Found a shimmering altar of Xom.
  9488 | D:8      | Noticed a death yak
  9489 | D:8      | Noticed a death yak
  9491 | D:8      | Noticed a death yak
  9500 | D:8      | Killed a death yak
  9500 | D:8      | Reached **** piety under Okawaru
  9500 | D:8      | Reached XP level 10. HP: 53/90 MP: 6/9
  9777 | D:8      | Noticed a two-headed ogre
  9792 | D:8      | Killed a two-headed ogre
  9925 | D:8      | Found a staircase to the Lair.
 10096 | D:8      | Reached skill level 11 in Unarmed Combat
 10416 | D:9      | Noticed Erolcha
 10426 | D:9      | Killed Erolcha
 10741 | D:9      | Found an ancient bone altar of Kikubaaqudgha.
 11135 | D:10     | Entered Level 10 of the Dungeon
 11666 | D:10     | Found a roughly hewn altar of Beogh.
 11798 | D:10     | Reached ***** piety under Okawaru
 12047 | D:10     | Noticed an unseen horror
 12060 | D:10     | Killed an unseen horror
 12060 | D:10     | Reached skill level 12 in Unarmed Combat
 12060 | D:10     | Reached XP level 11. HP: 93/99 MP: 4/10
 12460 | D:10     | Noticed a two-headed ogre
 12474 | D:10     | Killed a two-headed ogre
 12474 | D:10     | Reached skill level 10 in Fighting
 13144 | D:10     | Found a bloodstained altar of Trog.
 13361 | D:11     | Noticed a red ugly thing
 13420 | Lair:1   | Entered Level 1 of the Lair of Beasts
 13738 | Lair:1   | Noticed a six-headed hydra
 13758 | Lair:1   | Killed a six-headed hydra
 13758 | Lair:1   | Reached skill level 13 in Unarmed Combat
 13958 | Lair:1   | Noticed a five-headed hydra
 13975 | Lair:1   | Killed a five-headed hydra
 13975 | Lair:1   | Received a gift from Okawaru
 14531 | Lair:1   | Noticed Harold
 14551 | Lair:1   | Killed Harold
 15050 | Lair:2   | Reached XP level 12. HP: 97/110 MP: 11/11
 15199 | Lair:2   | Noticed a death yak
 15223 | Lair:2   | Killed a death yak
 15241 | Lair:2   | HP: 3/110 [spiny frog (5)]
 15250 | Lair:2   | HP: 5/110 [spiny frog (1)]
 15252 | Lair:2   | Slain by a spiny frog

Illustrated notes

Levels and vault maps discovered:
D:1:      psy_arrival_spokes, layout_loops_corners
D:2:      minmay_inner_zag, layout_loops_corners, lemuel_doored_altar,
          nemelex_xobeh_ov_fountains_minmay
D:3:      cheibrodos_helix_gallery, layout_basic, tgw_xom, first_ration,
          uniq_grinder, uniq_natasha
D:4:      layout_layer_cave, gammafunk_ghost_necromancy, uniq_menkaure
D:5:      layout_loops_ring, minitemple, minmay_temple_entry_statues_pillars,
          minmay_ogre_servants, uniq_blork_the_orc, uniq_eustachio
D:6:      layout_loops_ring, uniq_crazy_yiuf_cottage, uniq_edmund
D:7:      layout_loops_ring, grunt_ogre_cave, grunt_ministairs_7
D:8:      layout_loops_corners, dpeg_lair_monsters, basic_altar
D:9:      layout_cave_pools, basic_altar, uniq_erolcha
D:10:     layout_basic, special_room [special_room_orc], trog_ov_bears_minmay
D:11:     minmay_recursive_quarters, layout_basic, hiddenorc2_lemuel,
          gauntlet_entry_generic, uniq_grum, uniq_urug
Temple:   minmay_crystal_spiral_temple
Lair:1:   layout_regular_city, chequers_serial_rivers_room_a,
          grunt_megastairs_3, uniq_harold
Lair:2:   layout_cave_pods

Skill      XL: |  1  2  3  4  5  6  7  8  9 10 11 |
---------------+----------------------------------+-----
Stealth        | 2 3 4 5 6 7 8 |  8.4
Fighting       | 4 5 6 7 8 9 11 | 11.1
Unarmed Combat | 4 5 6 7 8 10 12 13 | 13.6
Dodging        | 4 |  4.9
Armour         | 2 4 6 8 9 |  9.8

Action                   |  1- 3 |  4- 6 |  7- 9 | 10-12 || total
-------------------------+-------+-------+-------+-------++-------
Melee: Unarmed           |    89 |   115 |   327 |   442 ||   973
       Headbutt          |    16 |    25 |    68 |    86 ||   195
       Punch             |     1 |     2 |    13 |    18 ||    34
Throw: Javelin           |       |       |     3 |       ||     3
Invok: Heroism           |       |       |     2 |     4 ||     6
       Finesse           |       |       |       |     1 ||     1
  Use: Scroll            |     5 |     2 |     4 |    11 ||    22
       Potion            |       |       |     4 |     3 ||     7
 Stab: Sleeping          |     6 |     2 |     2 |       ||    10
       Distracted        |       |       |     1 |       ||     1
  Eat: Chunk             |     3 |     3 |     9 |    10 ||    25
       Ration            |     1 |       |     3 |     3 ||     7
Armor: Robe              |    17 |    16 |     9 |       ||    42
       Ring mail         |       |       |     6 |       ||     6
       Chain mail        |       |       |     5 |       ||     5
       Scale mail        |       |       |     2 |       ||     2
       Leather armour    |       |       |    14 |       ||    14
       Gold dragon scale |       |       |    55 |   360 ||   415
Dodge: Dodged            |    40 |    48 |   124 |   100 ||   312
